 Dungeon Crawl Stone Soup version 0.19-a0-706-g03de5d9 (webtiles) character file.

119 yesno the Sneak (level 4, -14/35 HPs)
             Began as a Demonspawn Assassin on June 19, 2016.
             Was a Believer of Makhleb.
             Demolished by an ogre
             ... wielding a +0 giant spiked club
              (17 damage)
             ... on level 3 of the Dungeon.
             The game lasted 00:10:29 (2508 turns).

yesno the Sneak (Demonspawn Assassin)               Turns: 2508, Time: 00:10:30

Health: -14/35     AC:  6    Str: 11    XL:     4   Next: 73%
Magic:  15/15      EV: 11    Int: 16    God:    Makhleb [**....]
Gold:   143        SH:  0    Dex: 15    Spells: 0 memorised, 3 levels left

rFire  + . .     SeeInvis .     a - +2 dagger
rCold  . . .     Gourm    .     A - +0 ring mail
rNeg   . . .     Faith    .     (no shield)
rPois  .         Spirit   .     (no helmet)
rElec  .         Dismiss  .     d - +0 cloak
rCorr  .         Reflect  .     (no gloves)
SustAt .         Harm     .     (no boots)
MR     .....                    (no amulet)
Stlth  ++........               s - +3 ring of intelligence
                                i - ring of magical power

@: not resistant to hostile enchantments, unstealthy
A: fire resistance 1
a: Minor Destruction, Renounce Religion


You were on level 3 of the Dungeon.
You worshipped Makhleb.
Makhleb was pleased with you.
You were not hungry.

You visited 1 branch of the dungeon, and saw 4 of its levels.

You collected 143 gold pieces.

Inventory:

Hand Weapons
 a - a +2 dagger (weapon)
 b - a +0 blowgun
 y - a +0 hunting sling
Missiles
 e - 8 poisoned needles
 f - 2 curare-tipped needles
 z - 93 stones (quivered)
 F - 37 sling bullets
Armour
 c - a +0 robe
 d - a +0 cloak (worn)
 r - a +0 leather armour
 A - a +0 ring mail (worn)
Jewellery
 i - a ring of magical power (left hand)
 s - a +3 ring of intelligence (right hand)
Wands
 t - a wand of iceblast (9/15)
 B - a wand of digging (1/24)
 D - a wand of paralysis (10/24)
Scrolls
 j - 2 scrolls of amnesia
 k - a scroll of enchant armour {unknown}
 l - 2 scrolls of enchant weapon
 m - 4 scrolls of remove curse
 w - a scroll of noise {unknown}
 C - a scroll of random uselessness {unknown}
 E - 2 scrolls of identify
 G - a scroll of immolation {unknown}
 H - a scroll of magic mapping {unknown}
Potions
 n - 3 potions of curing {unknown}
 o - 2 potions of cure mutation
 q - a potion of agility {unknown}
 u - a potion of heal wounds {unknown}
 v - a potion of brilliance {unknown}
 x - a potion of invisibility {unknown}
Comestibles
 g - 7 bread rations
 h - 3 beef jerkies
 p - a royal jelly
 I - 3 chunks of flesh


   Skills:
 + Level 3.4 Fighting
 - Level 1.7 Short Blades
 - Level 1.7 Throwing
 + Level 2.5 Dodging
 - Level 3.6 Stealth
 - Level 2.6 Invocations


You had 3 spell levels left.
You didn't know any spells.

Dungeon Overview and Level Annotations

Branches:
Dungeon (4/15)
 Temple: D:4-7

Altars:
Dithmenos
Makhleb
Pakellas
Qazlal
The Shining One

Annotations:
D:3 Sigmund


Innate Abilities, Weirdness & Mutations

Your flesh is heat resistant. (rF+)


Message History

There is a stone staircase leading up here.
The ogre hits you with a giant spiked club!!
Ouch! That really hurt!
* * * LOW HITPOINT WARNING * * *
The gnoll shouts!
You hear a shout! x2
You climb upwards.
Level annotation: Sigmund
There is a stone staircase leading down here.
There is an open door here.
Okay, then.
Okay, then.
Okay, then.
You hit the ogre.
The ogre is severely wounded.
The ogre closely misses you.
Unknown command.
You hit the ogre.
The ogre is almost dead.
The ogre hits you with a giant spiked club!
You die...

...#.#......# #.#≈≈≈≈≈≈≈≈≈≈≈§≈≈
...._.......# #.#≈≈≈≈≈§§§≈§≈≈§§
.###.##.....# #.##≈≈≈≈≈§≈≈§§≈≈≈
.##...#.....#####..##≈≈≈§§≈≈§≈≈≈§
..................>.##≈≈≈≈≈≈≈≈≈≈≈
###...#.........###'###§≈§≈§§§≈§§
..#...#...............##§≈§≈ ≈≈§
#.#...#..........O...##
#...............@....############
................................#
##...............................
#...............................
#..............#................
#...........####................
#...............................
#.................###.#.........
#.................# #...........


You could see an ogre.

Vanquished Creatures
  Ijyb (D:2)
  2 adders (D:3)
  2 worms
  A dart slug (D:2)
  4 giant geckos
  3 orcs (D:3)
  16 goblins
  5 hobgoblins
  5 kobolds
  3 quokkas
  4 bats
  3 giant newts
  8 rats
57 creatures vanquished.

Notes
Turn   | Place    | Note
--------------------------------------------------------------
     0 | D:1      | yesno the Demonspawn Assassin began the quest for the Orb.
     0 | D:1      | Reached XP level 1. HP: 16/16 MP: 1/1
     9 | D:1      | Reached skill level 1 in Dodging
   662 | D:2      | Found a burning altar of Makhleb.
   665 | D:2      | Gained mutation: Your flesh is heat resistant. (rF+) [demonic ancestry]
   665 | D:2      | Reached XP level 2. HP: 19/23 MP: 2/2
   679 | D:2      | Became a worshipper of Makhleb the Destroyer
  1131 | D:2      | Reached skill level 1 in Invocations
  1202 | D:2      | Noticed Ijyb
  1216 | D:2      | Reached XP level 3. HP: 28/28 MP: 3/3
  1225 | D:2      | Reached * piety under Makhleb
  1584 | D:2      | Killed Ijyb
  1637 | D:2      | Found a stormy altar of Qazlal.
  1753 | D:3      | Reached XP level 4. HP: 35/35 MP: 5/5
  1764 | D:3      | Found a shadowy altar of Dithmenos.
  2007 | D:3      | Found a glowing golden altar of the Shining One.
  2076 | D:3      | Found an oddly glowing altar of Pakellas.
  2123 | D:3      | Reached ** piety under Makhleb
  2272 | D:3      | Noticed Sigmund
  2497 | D:4      | Noticed an ogre
  2508 | D:3      | Demolished by an ogre

Vault maps used:
D:1:      minmay_arrival_diagonal_passages, minmay_statues_item
D:2:      kennysheep_the_goblin_king, lemuel_doored_altar,
          lemuel_coloured_pillars_altar, first_bread
D:3:      kennysheep_big_flooded_room, nicolae_tso_carved_into_rock,
          lemuel_crystal_altar, johnstein_pakellas_dig, hangedman_decor_lopped,
          uniq_sigmund
D:4:      kennysheep_spiral_hall, serial_glass, glass_columns_a, glass_columns_a

Skill      XL: |  1  2  3  4 |
---------------+-------------+-----
Dodging        | 1 2 |  2.5
Invocations    | 1 2 |  2.6
Fighting       | 3 |  3.4
Short Blades   | |  1.7
Throwing       | |  1.7
Stealth        | |  3.6

Action                   |  1- 3 |  4- 6 || total
-------------------------+-------+-------++-------
Melee: Dagger            |   152 |    76 ||   228
 Fire: Blowgun           |     8 |       ||     8
       Hunting sling     |     6 |     9 ||    15
  Use: Scroll            |     6 |       ||     6
 Stab: Sleeping          |     4 |     2 ||     6
  Eat: Chunk             |     1 |       ||     1
       Meat ration       |     1 |       ||     1
Armor: Robe              |     6 |       ||     6
       Leather armour    |    21 |       ||    21
       Ring mail         |     2 |    25 ||    27
Dodge: Dodged            |    69 |    24 ||    93
